 Dungeon Sprint DCSS version 0.21.1-1-g345015f (webtiles) character file.

3100000 Fang the Axe Maniac (level 18, -12/200 HPs)
             Began as a Minotaur Gladiator on May 22, 2018.
             Was an Elder of Makhleb.
             Mangled by a large bag of meat
             ... wielding a +9 giant spiked club
              (67 damage)
             ... in the Dungeon (Sprint VIII: "Arena of Blood").
             The game lasted 00:00:20 (31 turns).

Fang the Axe Maniac (Minotaur Gladiator)              Turns: 31, Time: 00:00:20

Health: -12/200    AC:  6    Str: 27    XL:     18   Next: 60%
Magic:  17/31      EV: 28    Int:  5    God:    Makhleb [****..]
Gold:   0          SH:  0    Dex: 12    Spells: 37/37 levels left

rFire    . . .     SeeInvis .   l - +∞ Axe of Woe
rCold    . . .     Gourm    .   (shield currently unavailable)
rNeg     . . .     Faith    .   b - +0 leather armour
rPois    .         Spirit   .   c - +0 hat
rElec    .         Reflect  .   (no cloak)
rCorr    .         Harm     .   (no gloves)
MR       +....     NoTele   +   (no boots)
Stlth    +++++.....             (no amulet)
HPRegen  0.43/turn              (no ring)
MPRegen  0.22/turn              (no ring)

@: no status effects
A: retaliatory headbutt, horns 2
a: Minor Destruction, Lesser Servant of Makhleb, Major Destruction, Renounce
Religion


You were in the Dungeon.
You worshipped Makhleb.
Makhleb was greatly pleased with you.
You were not hungry.

You visited 1 branch

Inventory:

Hand Weapons
 a - a +0 war axe
 l - the +∞ Axe of Woe (weapon)
   (You found it in the Dungeon)
Missiles
 d - 3 throwing nets (quivered)
Armour
 b - a +0 leather armour (worn)
 c - a +0 hat (worn)
Jewellery
 m - a +30 ring of slaying
Scrolls
 k - a scroll of blinking
Potions
 e - a potion of curing
 g - a potion of heal wounds
 h - a potion of haste
 i - 2 potions of magic
 j - a potion of berserk rage
Comestibles
 f - a ration


   Skills:
 O Level 27 Fighting
 O Level 27 Axes
 O Level 27 Throwing
 O Level 27 Armour
 O Level 27 Dodging
 + Level 13.1 Stealth
 + Level 15.2 Unarmed Combat
 + Level 10.4 Spellcasting
 + Level 14.1 Invocations


You had 37 spell levels left.
You didn't know any spells.

Dungeon Overview and Level Annotations

Branches:
Dungeon (1/1)

Altars:
Makhleb


Innate Abilities, Weirdness & Mutations

You reflexively headbutt those who attack you in melee.
You have a pair of horns on your head.


Message History

You pulverise the bag of meat into a thin bloody mist.
You kill the bag of meat!
Makhleb accepts your kill.
You can now hurl Makhleb's greater destruction.
Your Stealth skill gained 2 levels and is now at level 13!
Your Unarmed Combat skill gained 2 levels and is now at level 15!
Your Spellcasting skill increases to level 10!
Your Invocations skill gained 2 levels and is now at level 14!
You hear a shout! x4
A bag of meat comes into view. It is wielding a +9 war axe.
You hear a shout! x6
The eight-headed meat hydra calls on the powers of darkness!
The eight-headed meat hydra convulses!
The bag of meat convulses!
Your body is wracked with pain!
The large bag of meat convulses!
The bag of meat convulses! x2
You hear a shout! x8
The large bag of meat hits you with a +9 giant spiked club!!!
* * * LOW HITPOINT WARNING * * *
The large bag of meat hits you with a +9 giant spiked club!!!
You die...

............
...........
.......O.o.
........o.
#o......# #..
#oO.....#
....###.).....###.
......O@O###......
.#.....))._......
.......#oD...#..
.......#_)<._#
.......#))...#
.#......)._......
.........###......
o...###... ..###.
.. #... ..#


You could see an eight-headed meat hydra, 2 large bags of meat, 2 meat
berserkers and 6 bags of meat.

Vanquished Creatures
  6 ogres (D)
  6 orcs (D)
12 creatures vanquished.

Notes
Turn   | Place    | Note
-------+----------+-------------------------------------------
     0 | D        | Found the +∞ Axe of Woe
     0 | D        | Fang the Minotaur Gladiator began the quest for the Orb.
     0 | D        | Reached XP level 1. HP: 18/18 MP: 0/0
     3 | D        | Noticed a meat berserker
     4 | D        | Killed a meat berserker
     4 | D        | Reached XP level 2. HP: 44/44 MP: 1/1
     4 | D        | Reached XP level 3. HP: 50/50 MP: 2/2
     4 | D        | Reached XP level 4. HP: 58/58 MP: 3/3
     4 | D        | Reached XP level 5. HP: 64/64 MP: 4/4
     4 | D        | Reached XP level 6. HP: 72/72 MP: 5/5
     4 | D        | Reached XP level 7. HP: 79/79 MP: 6/6
     4 | D        | Reached XP level 8. HP: 86/86 MP: 7/7
     4 | D        | Reached XP level 9. HP: 93/93 MP: 8/8
     4 | D        | Reached XP level 10. HP: 101/101 MP: 9/9
     4 | D        | Reached XP level 11. HP: 107/107 MP: 10/10
     4 | D        | Reached XP level 12. HP: 115/115 MP: 11/11
     4 | D        | Reached XP level 13. HP: 122/122 MP: 12/12
     5 | D        | Became a worshipper of Makhleb the Destroyer
     8 | D        | Noticed a bag of meat
    10 | D        | Killed a bag of meat
    11 | D        | Noticed a meat berserker
    12 | D        | Killed a meat berserker
    12 | D        | Reached * piety under Makhleb
    12 | D        | Reached skill level 27 in Axes
    12 | D        | Reached XP level 14. HP: 138/138 MP: 13/13
    14 | D        | Noticed a bag of meat
    14 | D        | Noticed a bag of meat
    15 | D        | Noticed a bag of meat
    16 | D        | Noticed a meat berserker
    16 | D        | Noticed a meat berserker
    16 | D        | Noticed a bag of meat
    17 | D        | Killed a meat berserker
    17 | D        | Reached skill level 27 in Dodging
    17 | D        | Reached XP level 15. HP: 145/161 MP: 14/14
    18 | D        | Noticed a meat berserker
    21 | D        | Reached ** piety under Makhleb
    21 | D        | Reached XP level 16. HP: 180/180 MP: 15/15
    21 | D        | Killed a meat berserker
    21 | D        | Reached skill level 27 in Fighting
    22 | D        | Noticed a meat berserker
    23 | D        | Reached skill level 27 in Throwing
    23 | D        | Reached XP level 17. HP: 191/191 MP: 16/16
    24 | D        | Killed a meat berserker
    24 | D        | Reached *** piety under Makhleb
    26 | D        | Noticed a meat berserker
    26 | D        | Noticed a large bag of meat
    26 | D        | Killed a meat berserker
    26 | D        | Reached skill level 27 in Armour
    26 | D        | Reached XP level 18. HP: 200/200 MP: 17/17
    29 | D        | Noticed a meat berserker
    29 | D        | Noticed a large bag of meat
    30 | D        | Noticed an eight-headed meat hydra
    30 | D        | Reached **** piety under Makhleb
    30 | D        | Reached skill level 15 in Unarmed Combat
    30 | D        | Reached skill level 10 in Spellcasting
    31 | D        | Mangled by a large bag of meat

Skill      XL: |  1  2  3  4  5  6  7  8  9 10 11 12 13 14 15 16 17 18 |
---------------+-------------------------------------------------------+-----
Fighting       | 13 16 22 26 27 | 27.0
Axes           | 23 27 | 27.0
Throwing       | 11 14 18 21 27 | 27.0
Dodging        | 21 26 27 | 27.0
Armour         | 6 9 17 27 | 27.0
Stealth        | 13 | 13.1
Unarmed Combat | 15 | 15.2
Spellcasting   | 10 | 10.4
Invocations    | 14 | 14.1

Action                   |  1- 3 |  4- 6 |  7- 9 | 10-12 | 13-15 | 16-18 || total
-------------------------+-------+-------+-------+-------+-------+-------++-------
Melee: Executioner's axe |     1 |       |       |       |     5 |     5 ||    11
Dodge: Dodged            |       |       |       |       |     1 |     1 ||     2
